 Dungeon Crawl Stone Soup version 0.21.1-1-g345015f (webtiles) character file.

64342 Lilu the Warrior (level 15, -1/183 HPs)
             Began as an Ogre Berserker on July 27, 2018.
             Was the Champion of Trog.
             Slain by a death yak (7 damage)
             ... on level 6 of the Lair of Beasts.
             The game lasted 01:33:18 (20788 turns).

Lilu the Warrior (Ogre Berserker)                  Turns: 20788, Time: 01:33:18

Health: -1/183     AC:  7    Str: 27    XL:     15   Next: 12%
Magic:  16/16      EV:  1    Int:  8    God:    Trog [******]
Gold:   1155       SH:  0    Dex: 15    Spells: 14/14 levels left

rFire    + . .     SeeInvis +   M - +7 broad axe of Dominance {drain, SInv Stlth+}
rCold    . . .     Gourm    .   (no shield)
rNeg     + + +     Faith    .   i - +1 troll leather armour
rPois    ∞         Spirit   .   (helmet restricted)
rElec    +         Reflect  .   Y - +0 cloak
rCorr    .         Harm     .   (gloves unavailable)
MR       +....                  (boots unavailable)
Stlth    ++........             l - amulet of Xom's Amusement {+Rage rPois Dex+4}
HPRegen  0.80/turn              v - ring of protection from fire
MPRegen  0.15/turn              e - ring of Vuxzos {rElec rN+}

@: petrified, berserk cooldown, slowed
A: large, unfitting armour, tough skin 1
a: Berserk, Trog's Hand, Brothers in Arms, Burn Spellbooks, Renounce Religion,
Evoke Berserk Rage


You were on level 6 of the Lair of Beasts.
You worshipped Trog.
Trog was exalted by your worship.
You were hungry.

You visited 2 branches of the dungeon, and saw 19 of its levels.
You also visited: Bailey and Volcano.

You collected 1155 gold pieces.

Inventory:

Hand Weapons
 B - a +5 antimagic giant spiked club
 J - the +10 glaive "Cauddet" {speed, rC+ Int-4 Dex+2 SInv}
   (You found it on level 4 of the Dungeon)

   Attacks with this weapon are significantly faster.
   It affects your intelligence (-4).
   It affects your dexterity (+2).
   It protects you from cold.
   It lets you see invisible.
 M - the +7 broad axe of Dominance (weapon) {drain, SInv Stlth+}
   (Trog gifted it to you on level 4 of the Lair of Beasts)

   A truly terrible weapon, it drains the life of those it strikes.
   It lets you see invisible.
   It makes you more stealthy.
Missiles
 R - 6 javelins of penetration (quivered)
 V - 4 exploding tomahawks
Armour
 i - a +1 troll leather armour (worn)
 Y - a +0 cloak (worn)
Jewellery
 e - the ring of Vuxzos (right hand) {rElec rN+}
   (You acquired it on level 4 of the Lair of Beasts)

   [ring of positive energy]

   It insulates you from electricity.
   It protects you from negative energy.
 l - the amulet of Xom's Amusement (around neck) {+Rage rPois Dex+4}
   (You acquired it on level 4 of the Lair of Beasts)

   [amulet of rage]

   It affects your dexterity (+4).
   It protects you from poison.
   It lets you go berserk.
 v - a ring of protection from fire (left hand)
 D - an uncursed amulet of regeneration
 H - an uncursed ring of flight
 I - the ring "Qodupton" {Int+3 SInv}
   (You found it on level 4 of the Dungeon)

   [ring of see invisible]

   It affects your intelligence (+3).
   It lets you see invisible.
Wands
 C - a wand of polymorph (29)
 P - a wand of paralysis (9)
 S - a wand of disintegration (13)
 W - a wand of acid (5)
Scrolls
 b - a scroll of brand weapon {unknown}
 d - 9 scrolls of teleportation
 f - 5 scrolls of immolation
 j - 14 scrolls of remove curse
 k - 6 scrolls of magic mapping
 p - 2 scrolls of fog
 r - a scroll of summoning
 s - 3 scrolls of enchant armour
 u - 7 scrolls of enchant weapon
 y - 4 scrolls of identify
 F - 2 scrolls of fear
 O - 6 scrolls of blinking
Potions
 a - a potion of magic
 g - 4 potions of lignification
 h - 3 potions of haste {unknown}
 m - 3 potions of agility
 n - 3 potions of heal wounds
 o - a potion of invisibility {unknown}
 t - 2 potions of resistance {unknown}
 w - a potion of cancellation {unknown}
 A - 3 potions of ambrosia
 G - 10 potions of curing
 L - 7 potions of brilliance
 N - 2 potions of flight
 T - a potion of mutation {unknown}
 X - 3 potions of might
Books
 E - a book of Air

   Spells                             Type                      Level
   a - Shock                          Conjuration/Air              1
   b - Swiftness                      Charms/Air                   2
   c - Static Discharge               Conjuration/Air              3
   d - Airstrike                      Air                          4
   e - Lightning Bolt                 Conjuration/Air              5
   Trog disapproves of the use of such an item.
 K - a book of Frost

   Spells                             Type                      Level
   a - Freeze                         Ice                          1
   b - Throw Frost                    Conjuration/Ice              2
   c - Ozocubu's Armour               Charms/Ice                   3
   d - Throw Icicle                   Conjuration/Ice              4
   e - Summon Ice Beast               Ice/Summoning                4
   Trog disapproves of the use of such an item.
 Q - a book of Maledictions

   Spells                             Type                      Level
   a - Corona                         Hexes                        1
   b - Ensorcelled Hibernation        Hexes/Ice                    2
   c - Confuse                        Hexes                        3
   d - Tukima's Dance                 Hexes                        3
   e - Dazzling Spray                 Conjuration/Hexes            3
   Trog disapproves of the use of such an item.
 U - a book of Transfigurations

   Spells                             Type                      Level
   a - Irradiate                      Conjuration/Transmutation    5
   b - Statue Form                    Transmutation/Earth          6
   c - Hydra Form                     Transmutation                6
   d - Dragon Form                    Transmutation                7
   Trog disapproves of the use of such an item.
Miscellaneous
 q - a box of beasts
 x - a fan of gales
Comestibles
 c - 27 rations
 z - 4 chunks of flesh


   Skills:
 - Level 20.0 Fighting
 + Level 6.8(12.0) Axes
 - Level 6.3(7.5) Maces & Flails
 - Level 13.8(14.4) Polearms
 - Level 0.4 Throwing
 - Level 4.0 Armour
 - Level 10.0 Dodging
 - Level 2.0 Evocations


You had 14 spell levels left.
You didn't know any spells.

Dungeon Overview and Level Annotations

Branches:
Dungeon (13/15)            Temple (0/1) D:7            Lair (6/6) D:10
 Shoals (0/4) Lair:4        Snake (0/4) Lair:3        Slime (0/5) Lair:5
    Orc (0/2) D:11
 Vaults: D:13-14

Altars:
Ashenzari
Dithmenos
Elyvilon
Fedhas
Makhleb
Nemelex Xobeh
Qazlal
Sif Muna
Trog
Uskayaw
Wu Jian
Xom
Zin
The Shining One

Shops:
D:8 *

Portals:
Trove: D:12 (give 5 potions of resistance)


Innate Abilities, Weirdness & Mutations

You are too large for most types of armour.
You have tough skin. (AC +1)


Message History

* * * LOW HITPOINT WARNING * * *
The death yak gores you!
* * * LOW HITPOINT WARNING * * *
You are engulfed in calcifying dust.
The death yak gores something.
The catoblepas gores you.
* * * LOW HITPOINT WARNING * * *
The death yak gores you!
* * * LOW HITPOINT WARNING * * *
You are engulfed in calcifying dust.
The death yak gores something!
The catoblepas gores you!
* * * LOW HITPOINT WARNING * * *
The death yak gores you but does no damage.
You are engulfed in calcifying dust.
The catoblepas breathes a plume of calcifying dust at you.
The blast of calcifying dust hits you! The death yak gores you!!
* * * LOW HITPOINT WARNING * * *
The catoblepas gores you!!
* * * LOW HITPOINT WARNING * * *
The death yak gores you!
You die...

....................
..P......P#.........
..####..............
. #..............
#..§...#.......
##P.§........8.
#.P..8........
#.........8...
###...@8......
###.YY...8..
###Y.....# .....##
###...# #... #.. #.


You could see 2 death yaks and a catoblepas.

Vanquished Creatures
  Frances (D:13)
  Kirke (D:12)
  An orc warlord (Bailey)
  Snorg (Lair:4)
  3 hydras (Lair:5)
  A centaur warrior (D:13)
  The ghost of tyranidshit the Fighter, a novice DsAK of Lugonu (D:8)
  2 death yaks (Lair:6)
  6 two-headed ogres
  A hell hog (Volcano)
  A fire crab (Volcano)
  3 unseen horrors
  2 orc knights (Bailey)
  4 ugly things
  A manticore (Lair:6)
  2 oklob plants (Lair:2)
  2 cyclopes
  3 merfolk sirens (Lair:4)
  6 elephants
  2 black mambas
  A centaur skeleton (D:10)
  13 spiny frogs
  A torpor snail (Lair:6)
  2 rime drakes
  A kobold demonologist (D:11)
  7 komodo dragons
  2 trolls
  A merfolk (Lair:4)
  A polar bear (Lair:6)
  Prince Ribbit (Lair:1)
  A queen bee (D:11)
  31 blink frogs
  10 dream sheep
  8 hippogriffs
  A shadow (D:10)
  3 spriggans
  A wyvern (Lair:6)
  37 yaks
  11 fire bats (Volcano)
  4 basilisks
  4 hogs (D:12)
  2 steam dragons
  2 hungry ghosts
  Grum (D:10)
  3 nagas
  10 water moccasins
  4 wargs
  The ghost of Theowulf the Skirmisher, an amateur OgWn of Makhleb (D:4)
  9 porcupines
  A hell hound (Volcano)
  3 ice beasts
  3 sky beasts
  A necrophage (D:9)
  20 orc warriors
  4 phantoms
  9 ogres
  The ghost of Rwicked the Charmwright, an amateur GnSk (D:3)
  An eye of draining (D:13)
  6 wolves
  9 crocodiles
  Blork the orc (D:4)
  20 big kobolds
  13 bullfrogs
  A gnoll sergeant (D:10)
  3 scorpions
  20 killer bees
  3 howler monkeys
  2 jellies
  9 wights (D:10)
  2 electric eels
  A centaur zombie (D:10)
  9 lava snakes (Volcano)
  A bullfrog zombie (D:12)
  5 crimson imps
  A quasit (D:12)
  A bullfrog skeleton (D:8)
  A hound (D:9)
  17 orc wizards
  12 orc priests
  Jessica (D:2)
  3 iguanas
  12 worker ants
  2 hound skeletons
  A worker ant zombie (D:11)
  17 gnolls
  8 adders
  3 shadow imps
  An adder zombie (D:5)
  3 oozes
  2 worms
  4 dart slugs
  4 leopard geckos
  73 orcs
  4 giant cockroaches
  24 goblins
  24 hobgoblins
  15 jackals
  27 kobolds
  5 quokkas
  2 ball pythons
  7 bats
  8 frilled lizards
  A jackal zombie (D:5)
  8 rats
  A butterfly (Lair:2)
  2 fungi (Lair:5)
  4 plants
663 creatures vanquished.

Vanquished Creatures (others)
  A bush (Lair:3)
  A plant (Lair:2)
2 creatures vanquished.

Grand Total: 665 creatures vanquished

Notes
Turn   | Place    | Note
-------+----------+-------------------------------------------
     0 | D:1      | Lilu the Ogre Berserker began the quest for the Orb.
     0 | D:1      | Reached XP level 1. HP: 24/24 MP: 1/1
    91 | D:1      | Reached XP level 2. HP: 32/32 MP: 2/2
   677 | D:2      | Noticed Jessica
   684 | D:2      | Killed Jessica
   684 | D:2      | Reached skill level 5 in Fighting
   684 | D:2      | Reached XP level 3. HP: 37/42 MP: 3/3
  1212 | D:2      | Reached XP level 4. HP: 49/52 MP: 4/4
  1250 | D:2      | Reached ** piety under Trog
  1252 | D:2      | Reached skill level 6 in Fighting
  1663 | D:2      | Found a bloodstained altar of Trog.
  1882 | D:2      | Found a sparkling altar of Nemelex Xobeh.
  1905 | D:2      | Reached XP level 5. HP: 54/61 MP: 5/5
  2553 | D:3      | Found a burning altar of Makhleb.
  2568 | D:3      | Reached *** piety under Trog
  2672 | D:3      | Noticed Rwicked's ghost (amateur GnSk)
  2690 | D:3      | Killed Rwicked's ghost
  2690 | D:3      | Reached skill level 5 in Maces & Flails
  2690 | D:3      | Reached XP level 6. HP: 68/68 MP: 6/6
  3126 | D:3      | Found a sparkling altar of Nemelex Xobeh.
  3196 | D:3      | Found a glowing silver altar of Zin.
  3374 | D:4      | Noticed a dagger
  3374 | D:4      | Noticed a hand axe
  3374 | D:4      | Noticed Blork the orc
  3388 | D:4      | Found a hide-covered altar of Uskayaw.
  3397 | D:4      | Killed Blork the orc
  3609 | D:4      | Noticed Theowulf's ghost (amateur OgWn)
  3633 | D:4      | Killed Theowulf's ghost
  3633 | D:4      | Reached XP level 7. HP: 49/76 MP: 7/7
  3859 | D:4      | Reached skill level 7 in Fighting
  3899 | D:4      | Found an ornate altar of the Wu Jian Council.
  3942 | D:4      | Got a flickering glass ring
  3944 | D:4      | Identified the ring "Qodupton" {Int+3 SInv} (You found it on level 4 of the Dungeon)
  3969 | D:4      | Found a shattered altar of Ashenzari.
  4367 | D:4      | Reached skill level 8 in Fighting
  4374 | D:4      | Reached XP level 8. HP: 27/88 MP: 8/8
  4718 | D:4      | Got an ancient glaive
  4719 | D:4      | Identified the +10 glaive "Cauddet" {speed, rC+ Int-4 Dex+2 SInv} (You found it on level 4 of the Dungeon)
  4838 | D:4      | Found a white marble altar of Elyvilon.
  4894 | D:5      | Entered Level 5 of the Dungeon
  4908 | D:5      | Reached **** piety under Trog
  4908 | D:5      | Reached skill level 9 in Fighting
  5091 | D:5      | Found a shimmering altar of Xom.
  5242 | D:5      | Reached skill level 1 in Polearms
  5661 | D:6      | Reached skill level 10 in Fighting
  6148 | D:6      | Found a stormy altar of Qazlal.
  6195 | D:6      | Found a glowing golden altar of the Shining One.
  6310 | D:6      | Reached skill level 1 in Evocations
  6310 | D:6      | Reached XP level 9. HP: 89/101 MP: 9/9
  6557 | D:7      | Received a gift from Trog
  6745 | D:7      | Found a flagged portal.
  6767 | Bailey   | Entered a bailey
  6839 | Bailey   | Reached skill level 5 in Polearms
  6937 | Bailey   | Reached ***** piety under Trog
  6938 | Bailey   | Received a gift from Trog
  6970 | Bailey   | Noticed an orc knight
  6979 | Bailey   | Killed an orc knight
  6992 | Bailey   | Reached skill level 11 in Fighting
  7441 | Bailey   | Noticed an orc warlord
  7441 | Bailey   | Noticed an orc knight
  7446 | Bailey   | Reached skill level 12 in Fighting
  7446 | Bailey   | Reached XP level 10. HP: 115/115 MP: 11/11
  7467 | Bailey   | Killed an orc warlord
  7467 | Bailey   | Reached skill level 13 in Fighting
  7470 | Bailey   | Killed an orc knight
  7470 | Bailey   | Reached skill level 14 in Fighting
  7706 | Bailey   | Got a bloodstained helmet
  8570 | D:7      | Found a staircase to the Ecumenical Temple.
  8627 | D:8      | Found Okaidd's General Store.
  8671 | D:8      | Reached skill level 15 in Fighting
  8708 | D:8      | Reached skill level 5 in Dodging
  9155 | D:8      | Noticed tyranidshit's ghost (novice DsAK)
  9170 | D:8      | Killed tyranidshit's ghost
  9170 | D:8      | Reached XP level 11. HP: 133/133 MP: 12/12
  9308 | D:8      | Received a gift from Trog
  9448 | D:8      | Noticed a two-headed ogre
  9459 | D:8      | Killed a two-headed ogre
  9908 | D:9      | Noticed a two-headed ogre
  9915 | D:9      | Killed a two-headed ogre
  9957 | D:9      | Reached skill level 16 in Fighting
 10090 | D:9      | Found a shadowy altar of Dithmenos.
 10220 | D:9      | Found a deep blue altar of Sif Muna.
 10359 | D:10     | Entered Level 10 of the Dungeon
 10383 | D:10     | Noticed a two-headed ogre
 10392 | D:10     | Killed a two-headed ogre
 10479 | D:10     | Noticed Grum
 10657 | D:10     | Killed Grum
 10849 | D:10     | Noticed an unseen horror
 10856 | D:10     | Killed an unseen horror
 11163 | D:10     | Noticed a two-headed ogre
 11171 | D:10     | Killed a two-headed ogre
 11560 | D:10     | Found a stormy altar of Qazlal.
 11564 | D:10     | Noticed an unseen horror
 11567 | D:10     | Killed an unseen horror
 11567 | D:10     | Received a gift from Trog
 11567 | D:10     | Reached XP level 12. HP: 134/144 MP: 13/13
 11755 | D:10     | Found a staircase to the Lair.
 11793 | D:10     | Reached skill level 10 in Dodging
 12523 | D:11     | Found a staircase to the Orcish Mines.
 12753 | D:11     | Received a gift from Trog
 12923 | D:11     | Noticed a two-headed ogre
 12929 | D:11     | Killed a two-headed ogre
 13132 | D:11     | Reached skill level 10 in Polearms
 13439 | D:12     | Reached skill level 17 in Fighting
 13481 | D:12     | Reached ****** piety under Trog
 13599 | D:12     | Found a portal to a secret trove of treasure.
 13886 | D:12     | Noticed Kirke
 13892 | D:12     | Reached XP level 13. HP: 156/156 MP: 14/14
 13902 | D:12     | Killed Kirke
 14298 | D:13     | Noticed Frances
 14307 | D:13     | Killed Frances
 14307 | D:13     | Reached skill level 18 in Fighting
 14501 | D:13     | Found a blossoming altar of Fedhas.
 14894 | Lair:1   | Entered Level 1 of the Lair of Beasts
 14934 | Lair:1   | Noticed Prince Ribbit
 14940 | Lair:1   | Killed Prince Ribbit
 14975 | Lair:1   | Found a dark tunnel.
 14997 | Lair:1   | Received a gift from Trog
 15639 | Volcano  | Entered a volcano
 15891 | Volcano  | Found a burning altar of Makhleb.
 16497 | Lair:2   | Reached skill level 19 in Fighting
 16662 | Lair:2   | Reached XP level 14. HP: 172/172 MP: 15/15
 17119 | Lair:2   | Received a gift from Trog
 17825 | Lair:3   | Found a staircase to the Snake Pit.
 18489 | Lair:4   | Identified 2 scrolls of acquirement
 18492 | Lair:4   | Got a bound graven amulet
 18493 | Lair:4   | Identified the amulet of Xom's Amusement {+Rage rPois Dex+4} (You acquired it on level 4 of the Lair of Beasts)
 18497 | Lair:4   | Got a slimy jade ring
 18499 | Lair:4   | Identified the ring of Vuxzos {rElec rN+} (You acquired it on level 4 of the Lair of Beasts)
 18633 | Lair:4   | Reached skill level 20 in Fighting
 18929 | Lair:4   | Reached skill level 1 in Armour
 18930 | Lair:4   | Found a staircase to the Shoals.
 18944 | Lair:4   | Noticed Snorg
 18944 | Lair:4   | Received a gift from Trog
 18955 | Lair:4   | Killed Snorg
 18959 | Lair:4   | Got a fine broad axe {god gift}
 18960 | Lair:4   | Identified the +7 broad axe of Dominance {drain, SInv Stlth+} (Trog gifted it to you on level 4 of the Lair of Beasts)
 19344 | Lair:5   | Reached skill level 1 in Axes
 19830 | Lair:5   | Found a staircase to the Slime Pits.
 20269 | Lair:6   | Entered Level 6 of the Lair of Beasts
 20524 | Lair:6   | Reached skill level 5 in Axes
 20527 | Lair:6   | Reached XP level 15. HP: 183/183 MP: 16/16
 20788 | Lair:6   | HP: 6/183 [catoblepas (11)]
 20788 | Lair:6   | Slain by a death yak

Skill      XL: |  1  2  3  4  5  6  7  8  9 10 11 12 13 14 15 |
---------------+----------------------------------------------+-----
Maces & Flails | 3 5 6 |  6.3
Fighting       | 5 6 8 10 12 15 16 17 19 20 | 20.0
Dodging        | 3 4 5 9 10 | 10.0
Polearms       | 4 7 10 12 13 | 13.8
Evocations     | 1 2 |  2.0
Armour         | 4 |  4.0
Axes           | 5 6 |  6.8
Throwing       | |  0.4

Action                   |  1- 3 |  4- 6 |  7- 9 | 10-12 | 13-15 || total
-------------------------+-------+-------+-------+-------+-------++-------
Melee: Mace              |    83 |   180 |     6 |       |       ||   269
       Giant club        |       |       |    60 |       |       ||    60
       Glaive            |       |       |   205 |   590 |   458 ||  1253
       Broad axe         |       |       |       |       |   136 ||   136
       Giant spiked club |       |       |       |       |    11 ||    11
Throw: Javelin           |       |       |       |    10 |     6 ||    16
Invok: Berserk           |     2 |    10 |     8 |     9 |    15 ||    44
       Trog's Hand       |       |       |     1 |     1 |       ||     2
  Use: Potion            |       |       |       |     6 |       ||     6
       Scroll            |       |       |       |     8 |    17 ||    25
 Stab: Sleeping          |       |       |     1 |     3 |     3 ||     7
       Distracted        |       |       |       |     1 |       ||     1
       Petrified         |       |       |       |       |     2 ||     2
  Eat: Chunk             |    12 |    16 |    21 |    22 |    20 ||    91
       Ration            |       |       |       |     3 |     5 ||     8
Armor: Animal skin       |    33 |    54 |    18 |    38 |       ||   143
       Steam dragon scal |       |       |       |     9 |    32 ||    41
       Troll leather arm |       |       |       |       |    90 ||    90
Dodge: Dodged            |    57 |   122 |    91 |   294 |   347 ||   911
